 Dungeon Crawl Stone Soup version 0.21-a0-203-gb066a6e (webtiles) character file.

406 Espgualade the Ducker (level 6, 0/52 HPs)
             Began as a Tengu Ice Elementalist on Aug 19, 2017.
             Slain by an orc
             ... wielding a +0 trident
              (6 damage)
             ... on level 4 of the Dungeon.
             The game lasted 00:09:48 (4063 turns).

Espgualade the Ducker (Tengu Ice Elementalist)      Turns: 4063, Time: 00:09:49

Health: 0/52       AC:  2    Str: 13    XL:     6   Next: 87%
Magic:  11/13      EV: 14    Int: 18    God:
Gold:   138        SH:  0    Dex: 14    Spells: 3/13 levels left

rFire    . . .     SeeInvis .   i - +4 mace (drain)
rCold    . . .     Gourm    .   (no shield)
rNeg     . . .     Faith    .   a - +0 robe
rPois    .         Spirit   .   (helmet restricted)
rElec    .         Reflect  .   (no cloak)
rCorr    .         Harm     .   (no gloves)
MR       .....                  (boots unavailable)
Stlth    ..........             (no amulet)
HPRegen  0.17/turn              (no ring)
MPRegen  0.13/turn              (no ring)

@: berserking, lethally poisoned (0 -> -1), very quick
A: beak, talons 3, able to fly 1
a: Fly


You were on level 4 of the Dungeon.
You were not hungry.

You visited 1 branch of the dungeon, and saw 4 of its levels.
You also visited: Sewer.

You collected 138 gold pieces.

Inventory:

Hand Weapons
 i - a +4 mace of draining (weapon)
Armour
 a - a +0 robe (worn)
Wands
 s - a wand of random effects (45/48)
Scrolls
 d - a scroll of fog {unknown}
 h - 3 scrolls of remove curse
 n - a scroll of fear
 p - a scroll of enchant armour {unknown}
 q - 2 scrolls of enchant weapon
Potions
 e - 2 potions of flight {unknown}
 k - a potion of curing {unknown}
 l - 2 potions of heal wounds {unknown}
 m - a potion of might {unknown}
 o - a potion of agility
 t - a potion of brilliance {unknown}
 u - 2 potions of invisibility {unknown}
Books
 b - a book of Frost

   Spells                             Type                      Level
   a - Freeze                         Ice                          1
   b - Throw Frost                    Conjuration/Ice              2
   c - Ozocubu's Armour               Charms/Ice                   3
   d - Throw Icicle                   Conjuration/Ice              4
   e - Summon Ice Beast               Ice/Summoning                4
Comestibles
 c - 2 bread rations
 f - 9 fruits
 j - 2 meat rations


   Skills:
 - Level 2.0 Fighting
 + Level 4.5 Dodging
 + Level 4.2 Stealth
 - Level 4.0 Spellcasting
 - Level 1.3 Conjurations
 - Level 2.6 Ice Magic


You had 3 spell levels left.
You knew the following spells:

 Your Spells              Type           Power        Failure   Level  Hunger
a - Freeze                Ice            ##..         4%          1    None
b - Throw Frost           Conj/Ice       ##....       10%         2    ##.....
c - Ozocubu's Armour      Chrm/Ice       #.......     26%         3    ###....
d - Throw Icicle          Conj/Ice       ##......     54%         4    ####...


Dungeon Overview and Level Annotations

Branches:
Dungeon (4/15)
 Temple: D:4-7

Altars:


Innate Abilities, Weirdness & Mutations

You have a beak for a mouth.
You have claws for feet.
You can fly.


Message History

Aim: an orc priest, wielding a falchion and wearing a ring mail (almost dead)
You freeze the orc priest.
You kill the orc priest!
The orc wizard completely misses you. The orc misses you.
The orc closely misses you. The adder bites you.
* * * LOW HITPOINT WARNING * * *
The orc misses you. The orc wizard misses you.
You feel sick. The orc barely misses you.
The orc wizard mumbles some strange words.
The orc wizard flickers and vanishes!
Deactivating autopickup; reactivate with Ctrl-A.
The adder completely misses you.
A red film seems to cover your vision as you go berserk!
You feel yourself moving faster!
You feel mighty! The adder closely misses you.
You sock the adder!
You kill the adder!
You feel sick.
The orc hits you from afar with a trident.
You die...

......###.....#.........*
.###....................*
.# #...##.#####.........*
.###...##.# #.........*
.##..#....# #.........*
.....###..# #)..<.....*
.....# #..# #..oo#####*
..#### #.## ##o#.# .##
#..### #@#.# .###
###....# ##.#,#
...###...##.# #)(#,*
##..>...###.###.##,*
.#......# #.(#..#*,*
........# ##..)##***
........# #..## .#......#
#### ##.....##


You could see 2 orcs.

Vanquished Creatures
  A big kobold (Sewer)
  A hound (D:4)
  2 orc priests
  2 worker ants (D:4)
  7 adders
  3 river rats (Sewer)
  An ooze (D:1)
  3 worms
  4 dart slugs
  3 leopard geckos
  7 orcs
  5 giant cockroaches
  2 goblins
  7 hobgoblins
  6 jackals
  A quokka (D:4)
  8 bats
  4 frilled lizards
  7 kobolds
  11 rats
85 creatures vanquished.

Notes
Turn   | Place    | Note
-------+----------+-------------------------------------------
     0 | D:1      | Espgualade the Tengu Ice Elementalist began the quest for the Orb.
     0 | D:1      | Reached XP level 1. HP: 10/10 MP: 4/4
   377 | D:1      | Reached skill level 1 in Fighting
   380 | D:1      | Reached XP level 2. HP: 13/16 MP: 0/6
   692 | D:1      | Reached XP level 3. HP: 21/21 MP: 7/7
  1108 | D:1      | Learned a level 2 spell: Throw Frost
  1112 | D:1      | Learned a level 3 spell: Ozocubu's Armour
  1400 | D:2      | Reached XP level 4. HP: 25/26 MP: 3/9
  2915 | D:3      | Gained mutation: You can fly. [Tengu growth]
  2915 | D:3      | Reached XP level 5. HP: 30/30 MP: 8/12
  3053 | D:3      | Learned a level 4 spell: Throw Icicle
  3142 | D:4      | Found a glowing drain.
  3158 | Sewer    | Entered a sewer
  3164 | Sewer    | HP: 2/45 [river rat (2)]
  3165 | Sewer    | Reached XP level 6. HP: 3/35 MP: 11/13
  3576 | Sewer    | Found a white marble altar of Elyvilon.
  4063 | D:4      | Slain by an orc

Vault maps used:
D:1:      eino_arrival_water_cross, dk_noncrumbling_3
D:3:      kennysheep_generic_room_3
D:4:      cheibrodos_sewer_entry_bend, minivault_26
Sewer:    sewer_kobolds

Skill      XL: |  1  2  3  4  5  6 |
---------------+-------------------+-----
Fighting       | 1 2 |  2.0
Spellcasting   | 3 4 |  4.0
Dodging        | 3 4 |  4.5
Stealth        | 3 4 |  4.2
Conjurations   | |  1.3
Ice Magic      | |  2.6

Action                   |  1- 3 |  4- 6 || total
-------------------------+-------+-------++-------
Melee: Unarmed           |     5 |       ||     5
       Kick              |     4 |    19 ||    23
       Peck              |     3 |     9 ||    12
       Mace              |    19 |   127 ||   146
       Short sword       |     8 |       ||     8
 Cast: Freeze            |    13 |    10 ||    23
       Throw Frost       |     3 |       ||     3
       Ozocubu's Armour  |       |     2 ||     2
 Abil: Fly               |       |     1 ||     1
  Use: Scroll            |     2 |     9 ||    11
       Potion            |       |     2 ||     2
 Stab: Sleeping          |     8 |     4 ||    12
       Distracted        |       |     1 ||     1
  Eat: Chunk             |     2 |     5 ||     7
       Bread ration      |       |     1 ||     1
Armor: Robe              |     3 |    25 ||    28
Dodge: Dodged            |    20 |   120 ||   140
